 Dungeon Crawl Stone Soup version 0.26-a0-812-g31a745ddcd (webtiles) character file.

Game seed: 578101747789762260

703 Lanoc the Digger (level 7, -1/64 HPs)
             Began as an Ogre Earth Elementalist on Dec 3, 2020.
             Was an Initiate of Fedhas.
             Slain by Duvessa
             ... wielding a +0 short sword
              (14 damage)
             ... on level 5 of the Dungeon.
             The game lasted 00:07:13 (5810 turns).

Lanoc the Digger (Ogre Earth Elementalist)          Turns: 5810, Time: 00:07:14

Health: -1/64      AC:  3    Str: 13    XL:     7   Next: 66%
Magic:  6/10       EV: 11    Int: 24    God:    Fedhas [......]
Gold:   334        SH:  0    Dex:  9    Spells: 7/10 levels left

rFire    . . .     SeeInvis +   f - +1 whip (flame)
rCold    . . .     Faith    .   (no shield)
rNeg     . . .     Spirit   .   c - +0 robe
rPois    .         Reflect  .   (helmet restricted)
rElec    .         Harm     .   (no cloak)
rCorr    +         Rampage  .   (gloves unavailable)
MR       .....                  (boots unavailable)
Stlth    +.........             q - amulet of magic regeneration
HPRegen  0.20/turn              h - +6 ring of intelligence
MPRegen  0.37/turn              x - ring of resist corrosion

@: no status effects
A: large, unfitting armour, horns 1, see invisible, robust 1, tough skin 1
a: Renounce Religion


You were on level 5 of the Dungeon.
You worshipped Fedhas.
Fedhas was noncommittal.
You visited 2 branches of the dungeon, and saw 6 of its levels.
You also visited: Ossuary.

You collected 334 gold pieces.

Inventory:

Hand Weapons
 f - a +1 whip of flaming (weapon)
Missiles
 b - 44 stones (quivered)
Armour
 c - a +0 robe (worn)
Jewellery
 h - a +6 ring of intelligence (left hand)
 q - an amulet of magic regeneration (around neck)
 t - an uncursed amulet of faith {unknown}
 u - a cursed amulet of reflection {unknown}
 x - a ring of resist corrosion (right hand)
Wands
 a - a wand of polymorph (4)
 w - a wand of digging (5)
 y - a wand of paralysis (4)
Scrolls
 d - 3 scrolls of amnesia
 e - 4 scrolls of remove curse
 n - a scroll of enchant weapon
 o - 3 scrolls of fear
 p - a scroll of teleportation {unknown}
 s - a scroll of immolation
 v - 2 scrolls of fog {unknown}
Potions
 g - 3 potions of attraction
 i - 4 potions of lignification {unknown}
 j - 5 potions of flight {unknown}
 k - 2 potions of resistance
 l - a potion of curing
 m - 4 potions of mutation
 r - a potion of ambrosia
 z - a potion of heal wounds


   Skills:
 + Level 4.5 Dodging
 - Level 1.4 Stealth
 - Level 2.4 Spellcasting
 - Level 0.8 Transmutations
 * Level 6.7 Earth Magic
 + Level 0.0 Invocations


You had 7 spell levels left.
You knew the following spells:

 Your Spells              Type           Power        Failure   Level
a - Sandblast             Erth           #####.       1%          1
b - Passwall              Tmut/Erth      ###.....     3%          2

Your spell library contained the following spells:

 Spells                   Type           Power        Failure   Level
 Stone Arrow              Conj/Erth      ###...       9%          3
 Magic Dart               Conj           #...         12%         1
 Blink                    Tloc           N/A          17%         2
 Call Imp                 Summ           #.......     17%         2
 Slow                     Hex            #.......     17%         2
 Lee's Rapid Deconstruct  Erth           #####.....   21%         5
 Petrify                  Tmut/Erth      ###.....     24%         4
 Conjure Flame            Conj/Fire      #.......     34%         3
 Mephitic Cloud           Conj/Pois/Air  #.......     34%         3


Dungeon Overview and Level Annotations

Branches:
Dungeon (5/15)             Temple (1/1) D:5         Ossuary (visited)

Altars:
Ashenzari
Cheibriados
Dithmenos
Elyvilon
Fedhas
Hepliaklqana
Makhleb
Nemelex Xobeh
Okawaru
Sif Muna
Trog
Vehumet
Wu Jian
Xom
Yredelemnul
Zin
The Shining One

Annotations:
D:5 Duvessa


Innate Abilities, Weirdness & Mutations

You are too large for most types of armour.
You have tough skin. (AC +1)
You have a pair of small horns on your head.
You have supernaturally acute eyesight. (SInv)
You are robust. (+10% HP)


Message History

The blast of sand hits Duvessa but does no damage.
Duvessa is heavily wounded.
b - 45 stones Duvessa hits you with a +0 short sword! x2
Casting: Sandblast (safe; 1% risk of failure)
Confirm with . or Enter, or press ? or * to list all spells.
Aiming: Sandblast (safe; 1% risk of failure)
Press: ? - help, Shift-Dir - straight line, f/p - Duvessa
Aim: Duvessa, wielding a +0 short sword, wearing a +0 ring mail and wearing an uncursed ring of stealth (heavily wounded, berserk)
The blast of sand hits Duvessa but does no damage.
Duvessa is heavily wounded.
b - 44 stones The giant cockroach closely misses you.
Duvessa hits you with a +0 short sword!
* * * LOW HITPOINT WARNING * * *
The giant cockroach barely misses you.
As you read the scroll of fear, it crumbles to dust.
You assume a fearsome visage.
The giant cockroach looks frightened!
Duvessa hits you with a +0 short sword!
You die...
Fedhas appreciates your contribution to the ecosystem.

.....# ##.# ***** .....# #.<#
****,,,* .....# #..# ***,,,,,,,
.....## #####..# **,,,,,,,,,
..)...#**###....[.# **#..,,,,,,,,
#.....##..........###....,,,,,,,,
#........................,,,,,,,,
#.#....................[.,,,,,,,,
#'#####.........@.####...,,,,,,,,
..).#*,,.......Be..# **..,,,,,,,,
#'#.#,,,...........# *,,,,,,,,,,
#>#.+,,,...........#* **,,,,,,,,,
###.#,,,,...........* ***,,,,,,*
....#,,,,..........## ***,,,,*
#+###,,,,....⌠.⌠...# ****,*
*,**,,,,,....._...## ***********
*,,,,,,,,,,,,⌠,⌠,,* **,*,,,,,,,,


You could see Duvessa (berserk) and a giant cockroach (fleeing).

Vanquished Creatures
  2 ogres
  A scorpion (D:4)
  Dowan (D:5)
  A human zombie (Ossuary)
  An orc priest (D:4)
  2 worker ants (D:4)
  A big kobold zombie (Ossuary)
  A hound zombie (Ossuary)
  4 mummies (Ossuary)
  10 adders
  4 gnolls (D:3)
  2 oozes
  An adder zombie (Ossuary)
  An adder skeleton (D:4)
  3 worms
  A dart slug (D:2)
  3 leopard geckos
  6 orcs
  6 bats
  5 giant cockroaches
  A gnoll zombie (Ossuary)
  4 goblins
  6 hobgoblins
  2 jackals (D:1)
  12 kobolds
  5 quokkas
  A ball python skeleton (D:4)
  4 frilled lizards
  A goblin zombie (Ossuary)
  A hobgoblin zombie (Ossuary)
  A jackal zombie (Ossuary)
  A kobold zombie (Ossuary)
  2 orc zombies (Ossuary)
  7 rats
  A rat zombie (Ossuary)
105 creatures vanquished.

Notes
Turn   | Place    | Note
-------+----------+-------------------------------------------
     0 | D:1      | Lanoc the Ogre Earth Elementalist began the quest for the
                  | Orb.
     0 | D:1      | Reached XP level 1. HP: 16/16 MP: 3/3
   400 | D:1      | Reached skill level 3 in Earth Magic
   405 | D:1      | Reached XP level 2. HP: 24/24 MP: 0/5
   935 | D:1      | Reached XP level 3. HP: 31/31 MP: 6/6
  1506 | D:2      | Found a shadowy altar of Dithmenos.
  1658 | D:2      | Reached XP level 4. HP: 39/39 MP: 4/7
  1829 | D:2      | Reached skill level 4 in Earth Magic
  1857 | D:2      | Noticed an ogre
  1861 | D:2      | Killed an ogre
  1861 | D:2      | Reached XP level 5. HP: 19/45 MP: 3/8
  2601 | D:3      | Learned a level 2 spell: Passwall
  3453 | D:3      | Reached skill level 5 in Earth Magic
  3626 | D:3      | Found a bloodstained altar of Trog.
  3650 | D:3      | Reached XP level 6. HP: 53/53 MP: 5/9
  4493 | D:4      | Reached skill level 6 in Earth Magic
  4493 | D:4      | Reached XP level 7. HP: 59/59 MP: 7/10
  4714 | D:4      | Found an iron altar of Okawaru.
  5170 | D:5      | Entered Level 5 of the Dungeon
  5176 | D:5      | Noticed Duvessa
  5177 | D:5      | Noticed Dowan
  5188 | D:5      | Found a staircase to the Ecumenical Temple.
  5216 | D:5      | Found a sand-covered staircase.
  5226 | Ossuary  | Entered an ossuary
  5529 | D:5      | Killed Dowan
  5542 | D:5      | Gained mutation: You have a pair of small horns on your
                  | head. [potion of mutation]
  5542 | D:5      | Gained mutation: You have supernaturally acute eyesight.
                  | (SInv) [potion of mutation]
  5542 | D:5      | Gained mutation: You are robust. (+10% HP) [potion of
                  | mutation]
  5622 | Temple   | Entered the Ecumenical Temple
  5681 | Temple   | Became a worshipper of Fedhas Madash
  5803 | D:5      | Found a sparkling altar of Nemelex Xobeh.
  5810 | D:5      | Slain by Duvessa

Illustrated notes

Levels and vault maps discovered:
D:1:      shiori_arrival_maze, layout_loops_ring
D:2:      layout_loops_ring, nicolae_dithmenos_through_a_glass_darkly
D:3:      layout_basic, bloody_trog
D:4:      layout_basic, kennysheep_little_box
D:5:      layout_cave_pods, nemelex_xobeh_ov_fountains_minmay,
          lemuel_round_altar, minmay_temple_entry_glassed_door,
          nicolae_ossuary_entry_monument, gammafunk_ghost_mausoleum,
          uniq_prince_ribbit1, uniq_duvessa, uniq_ijyb
Temple:   cyrus_circular_temple

Skill      XL: |  1  2  3  4  5  6 |
---------------+-------------------+-----
Earth Magic    | 3 4 5 6 |  6.7
Dodging        | 2 3 4 |  4.5
Stealth        | |  1.4
Spellcasting   | |  2.4
Transmutations | |  0.8

Action                   |  1- 3 |  4- 6 |  7- 9 || total
-------------------------+-------+-------+-------++-------
Melee: Unarmed           |    34 |       |       ||    34
       Whip              |    44 |   120 |    23 ||   187
 Cast: Sandblast         |    23 |    54 |    49 ||   126
  Use: Scroll            |       |       |    14 ||    14
       Potion            |       |       |     1 ||     1
 Stab: Sleeping          |     3 |     2 |     1 ||     6
Armor: Robe              |    23 |    33 |     8 ||    64
Dodge: Dodged            |    57 |    91 |    17 ||   165

Table legend: (Time is in decaauts)
 A = Elapsed time spent in this place.
 B = Non-inter-level travel time spent in this place.
 C = Inter-level travel time spent in this place.
 D = Time resting spent in this place.
 E = Time spent auto-exploring this place.
 F = Levels seen in this place.
 G = Mean time per level.
                   A        B        C        D        E       F      G
               +--------+--------+--------+--------+--------+-----+--------+
         Total |   5826 |   5701 |    125 |      0 |   4897 |   7 |  832.3 |
       Dungeon |   5475 |   5356 |    119 |      0 |   4682 |   5 | 1095.0 |
        Temple |     66 |     60 |      6 |      0 |     38 |   1 |   66.0 |
       Ossuary |    284 |    284 |      0 |      0 |    177 |   1 |  284.0 |
               +--------+--------+--------+--------+--------+-----+--------+

Top non-repeatable levels by time:
     D:3: 1468 daAuts
     D:1: 1399 daAuts
     D:2: 1184 daAuts
     D:4: 1133 daAuts
     D:5: 289 daAuts
 Ossuary: 284 daAuts
  Temple: 66 daAuts
